 Dungeon Crawl Stone Soup version 0.22-a0-40-g3d2f077 (webtiles) character file.

484496 Gorglomux the Champion of Chaos (level 23, -2/220 HPs)
             Began as a Deep Dwarf Fighter on Jan 4, 2018.
             Was the Champion of Makhleb.
             Slain by an acid blob (50 damage)
             ... on level 2 of the Realm of Zot.
             The game lasted 00:48:21 (36663 turns).

Gorglomux the Champion of Chaos (DDFi)             Turns: 36663, Time: 00:48:22

Health: -2/220     AC: 16    Str: 28    XL:     23   Next: 47%
Magic:  26/26      EV: 17    Int: 13    God:    Makhleb [******]
Gold:   3847       SH: 31    Dex: 14    Spells: 22/22 levels left

rFire    + . .     SeeInvis .   a - +5 broad axe (elec)
rCold    + . .     Gourm    .   D - +8 large shield
rNeg     + . .     Faith    +   S - +2 plate armour {rF+}
rPois    .         Spirit   .   Z - +2 helmet
rElec    .         Reflect  .   c - scarf {repulsion}
rCorr    +         Harm     .   G - +2 pair of gloves {archery}
MR       +++..                  (no boots)
Stlth    ..........             x - amulet of faith
HPRegen  0.00/turn              g - ring of resist corrosion
MPRegen  0.20/turn              u - ring of Gozag's Benevolence {rC+ MP+9 Int+2}

@: corroded, non-regenerating, repel missiles
A: damage resistance, heal wounds, agile 1, negative energy resistance 1, sense
surroundings 3, no regeneration
}: 3/15 runes: decaying, serpentine, silver
a: Heal Wounds, Minor Destruction, Lesser Servant of Makhleb, Major Destruction,
Greater Servant of Makhleb, Renounce Religion


You were on level 2 of the Realm of Zot.
You worshipped Makhleb.
Makhleb was exalted by your worship.
You were not hungry.

You visited 9 branches of the dungeon, and saw 44 of its levels.

You collected 6614 gold pieces.
You spent 2767 gold pieces at shops.

Inventory:

Hand Weapons
 a - a +5 broad axe of electrocution (weapon)
 b - the +0 broad axe of Callousness {flame, MP+9 Str+4 Dex+4}
   (You bought it in a shop on level 14 of the Dungeon)

   It has been specially enchanted to burn those struck by it, causing extra
   injury to most foes and up to half again as much damage against particularly
   susceptible opponents.
   Big, fiery blades are also staple armaments of hydra-hunters.
   It affects your strength (+4).
   It affects your dexterity (+4).
   It affects your magic capacity (+9).
Armour
 c - a scarf of repulsion (worn)
 D - a +8 large shield (worn)
 G - a +2 pair of gloves of archery (worn)
 S - a +2 plate armour of fire resistance (worn)
 Z - a +2 helmet (worn)
Jewellery
 g - a ring of resist corrosion (left hand)
 n - the ring of Robustness {AC+8}
   (You found it on level 2 of the Swamp)

   [ring of protection]

   It affects your AC (+8).
 o - an uncursed ring of poison resistance
 u - the ring of Gozag's Benevolence (right hand) {rC+ MP+9 Int+2}
   (You found it on level 10 of the Dungeon)

   [ring of magical power]

   It affects your intelligence (+2).
   It protects you from cold.
   It affects your magic capacity (+9).
 x - an amulet of faith (around neck)
 F - an uncursed ring of protection from fire
Wands
 A - a wand of acid (13)
 E - a wand of enslavement (56)
 I - a wand of iceblast (28)
 P - a wand of paralysis (18)
Scrolls
 e - 2 scrolls of summoning
 h - 3 scrolls of immolation
 j - 9 scrolls of remove curse
 q - 2 scrolls of holy word
 r - 3 scrolls of enchant armour
 v - 6 scrolls of fog
 y - a scroll of brand weapon
 B - 5 scrolls of blinking
 L - a scroll of fear
 M - 3 scrolls of magic mapping
 O - 3 scrolls of silence
 R - 13 scrolls of identify
 T - 17 scrolls of teleportation
Potions
 d - 2 potions of might
 k - 5 potions of flight
 l - a potion of invisibility
 m - 14 potions of heal wounds
 p - 5 potions of agility
 s - 6 potions of cancellation
 t - 6 potions of resistance
 w - 2 potions of mutation {!q}
 z - a potion of magic
 C - 3 potions of berserk rage
 H - 6 potions of lignification
 J - 5 potions of brilliance
 K - 4 potions of ambrosia
 N - 7 potions of haste
 Q - 15 potions of curing
Miscellaneous
 U - 5 boxes of beasts
 V - 3 phantom mirrors
 W - 3 sacks of spiders
 X - a phial of floods
 Y - a lamp of fire
Comestibles
 f - 68 rations


   Skills:
 + Level 16.1 Fighting
 - Level 20.0 Axes
 + Level 18.8 Armour
 + Level 18.5 Dodging
 + Level 18.7 Shields
 + Level 20.9 Invocations


You had 22 spell levels left.
You didn't know any spells.

Dungeon Overview and Level Annotations

Branches:
Dungeon (15/15)            Temple (1/1) D:6            Lair (6/6) D:9
  Swamp (4/4) Lair:4        Snake (4/4) Lair:3        Slime (0/5) Lair:5
    Orc (2/2) D:12            Elf (0/3) Orc:2        Vaults (5/5) D:13
  Crypt (0/3) Vaults:3     Depths (5/5) D:15            Zot (2/5) Depths:5

Altars:
Ashenzari
Cheibriados
Dithmenos
Elyvilon
Fedhas
Gozag
Hepliaklqana
Kikubaaqudgha
Makhleb
Nemelex Xobeh
Okawaru
Qazlal
Ru
Sif Muna
Trog
Uskayaw
Vehumet
Wu Jian
Xom
Yredelemnul
Zin
The Shining One

Shops:
D:6 [   D:7 :   D:14 !*(   Orc:2 *([:   Snake:1 [=?   Snake:2 [*[   Vaults:1 :
Vaults:4 !(*(

Portals:
Hell: Depths:1 Depths:5
Abyss: Depths:3

Annotations:
D:6 1 runed door
Lair:3 exclusion: 2 oklob plants
Lair:5 exclusion: 2 oklob plants
Depths:5 2 runed doors


Innate Abilities, Weirdness & Mutations

You are resistant to damage.
You can heal yourself by infusing magical energy.
You resist negative energy. (rN+)
You passively map a large area around you.
You do not regenerate.
You are agile. (Dex +2)


Message History

Butt courses through something!!!
You cut the acid blob but do no damage!
Lightning courses through the acid blob!!!
The acid corrodes you!!!
Your hands burn!!!
The acid blob hits you!!!!!! * * * don't butt
* * * You butt splashed with acid!!!
The acid burns!!!
You resist! * * * don't die
* * * Something hits butt!!! * * * butt'butt die
* * * Your magical essence is drained by the effort!!!
You feel much better! You block the acid blob's attack!
You block the yellow butt's attack! The acid blob barely misses you!
Butt hits you!!! * * * don't die
* * * An acid blob comes into view!
Unknown command!
Butt command!
You hear some strange, mumbled words!
A shard of ice appears from out of thin air!!!
The shard of ice misses you! The acid blob hits you!!!!!!!!! rip

,,,,,,,,,,,,,,,,,,,,,,,,,* *,,,,,
,,,,,,,,,,,,,,,,,,,,,,,,,* *,,,,,
,,,,,,,,,,,,,,,,,,,,,,,,,* *,,,,,
,,******,#####*******,,,,***,,,,,
,,* *##....### *,,,,*,,,,,,, ,,*
***.....J..### *,,,,,,,,,,,, ,,*
**,,.J....d†.)##*,,,,,,,,,,**
,,***,,,,*,,,J#J{..##,,,,,,,,,,*
,,**,,,,**,,,,##@)[.#,,,,,,,,,,*
,,**,,,**,,,,,,##...##,,,,,,,,,*
,,*,,,**,,,,,,,,##...#,,,***,,,*
,,*,,,*,,,,,>,,,,#...#...* #...#
,,*,,,*,,,,>,,,,,#...#...# #...#
,,*,,,*,,,,,>,,,,#...#...###...#
,,*,,.#*,,,,,,,,##...#....##...##
,,**,..#*,,,,,,##...##...........
,,**,...##*,,###....#............


You could see an acid blob (berserk), a yellow draconian and a jelly.

Vanquished Creatures
  3 ancient liches (Vaults:5)
  Mara (Snake:4)
  2 juggernauts (Depths:5)
  Bai Suzhen (Vaults:5)
  the Lernaean hydra (Swamp:4)
  Vashnia (Snake:2)
  5 caustic shrikes (Depths:5)
  Nikola (Swamp:4)
  A golden dragon (Vaults:5)
  8 tentacled monstrosities
  3 large abominations (Vaults:5)
  2 acid blobs (Zot:2)
  3 sphinxes
  A death cob (Zot:2)
  Kirke (Snake:3)
  2 draconian monks
  11 shadow dragons
  4 tengu reavers
  5 storm dragons
  7 nagarajas (Snake:4)
  6 fire giants
  A draconian knight (Zot:1)
  22 vault wardens
  2 orc warlords (Orc:2)
  A deep elf sorcerer (Vaults:1)
  Aizul (Snake:2)
  2 frost giants
  3 draconian scorchers
  A spriggan defender (Depths:3)
  A deep elf elementalist (Vaults:5)
  4 draconian annihilators
  2 war gargoyles (Vaults:5)
  7 very ugly things
  2 entropy weavers
  2 stone giants (shapeshifter) (Vaults:5)
  A vampire knight (Depths:5)
  19 ironheart preservers
  8 stone giants
  4 green draconians
  2 purple draconians (Depths:5)
  5 deep elf demonologists
  5 red draconians
  12 yellow draconians
  3 white draconians
  4 black draconians
  A spark wasp (Depths:3)
  3 deep elf annihilators
  5 ettins
  6 fire dragons
  3 jiangshi (Depths:5)
  3 great orbs of eyes
  4 deep elf high priests
  26 hydras
  19 yaktaur captains
  A spriggan air mage (Depths:3)
  26 vault guards
  4 ice dragons
  18 naga warriors
  6 centaur warriors
  An anaconda (shapeshifter) (D:13)
  A ghost crab (Swamp:3)
  A death knight (Vaults:1)
  8 alligators
  A catoblepas (Lair:5)
  12 ogre magi
  Erica (Lair:2)
  16 anacondas
  36 two-headed ogres
  3 tengu warriors
  18 naga sharpshooters
  4 shock serpents
  A dancing weapon (Vaults:5)
  A spriggan berserker (Depths:5)
  2 vampire magi
  2 orc high priests (Orc:2)
  A deep troll earth mage (Vaults:2)
  2 deep elf knights
  3 small abominations (Vaults:5)
  A shadow wraith (Vaults:5)
  4 salamander mystics
  3 spriggan druids
  6 hell knights (Depths:5)
  2 skeletal warriors (D:15)
  4 deep trolls
  8 sea snakes (Snake:4)
  An unseen horror (D:15)
  2 flayed ghosts
  An unseen horror (shapeshifter) (Vaults:3)
  4 phantasmal warriors
  3 wizards (Vaults:1)
  The ghost of Gorglomux the Shield-Bearer, a novice DDFi (D:6)
  2 shambling mangroves (Swamp:3)
  7 deep elf archers
  9 naga ritualists
  16 ironbrand convokers
  5 orc sorcerers
  11 swamp dragons
  5 wolf spiders
  3 harpies (Vaults:4)
  6 necromancers
  18 orc knights
  8 mana vipers
  A tengu skeleton (Vaults:5)
  4 cyclopes
  2 stone giant zombies
  11 deep elf magi
  2 salamanders (shapeshifter)
  5 moths of wrath
  37 ugly things
  A manticore (D:13)
  8 salamanders
  A fire giant skeleton (Vaults:2)
  39 black mambas
  21 spiny frogs
  11 vault sentinels
  16 naga magi
  2 gargoyles
  4 guardian serpents
  7 centaur skeletons
  2 kobold demonologists
  8 freezing wraiths
  2 rime drakes (Lair:6)
  11 komodo dragons
  31 yaktaurs
  A komodo dragon (shapeshifter) (Vaults:4)
  3 tengu conjurers
  2 ice devils (Lair:6)
  A yaktaur skeleton (Vaults:5)
  10 trolls
  2 meliai (shapeshifter)
  6 tyrant leeches
  A polar bear (shapeshifter) (Vaults:4)
  A slime creature (shapeshifter) (Vaults:5)
  15 hornets
  3 polar bears
  6 bog bodies
  A hornet (shapeshifter) (Vaults:3)
  A fire dragon zombie (D:15)
  A snapping turtle (shapeshifter) (D:15)
  11 hippogriffs
  A spriggan zombie (D:15)
  A blink frog (shapeshifter) (Vaults:2)
  44 slime creatures
  A hippogriff (shapeshifter) (Vaults:5)
  11 blink frogs
  3 human simulacra
  An ettin skeleton (Vaults:5)
  7 spriggans
  4 shadows
  A centaur simulacrum (D:14)
  7 redbacks
  13 wyverns
  An ice dragon skeleton (D:15)
  39 yaks
  A water elemental (Depths:2)
  3 basilisks
  A yak (shapeshifter) (Vaults:2)
  3 hungry ghosts
  Grum (D:8)
  2 wraiths
  A hog (shapeshifter) (D:13)
  9 wargs
  16 vampire mosquitoes
  3 steam dragons
  4 insubstantial wisps (Swamp:3)
  51 nagas
  15 swamp worms
  34 water moccasins
  An acid dragon (shapeshifter) (Vaults:4)
  6 acid dragons
  The ghost of ipx the Slasher, an amateur VSFi of Kikubaaqudgha (D:4)
  10 porcupines
  A soldier ant (D:13)
  A floating eye (shapeshifter) (D:14)
  A water moccasin (shapeshifter) (Vaults:5)
  10 swamp drakes
  48 orc warriors
  4 ice beasts
  A black bear (D:7)
  32 ogres
  3 phantoms
  2 human zombies
  8 sky beasts
  A necrophage (D:13)
  9 wolves
  9 boggarts
  12 centaurs
  20 crocodiles
  A human skeleton (Vaults:1)
  A big kobold (D:13)
  2 yaktaur zombies
  20 bullfrogs
  2 scorpions
  11 killer bees
  8 wights
  2 howler monkeys
  6 electric eels
  5 centaur zombies
  8 crimson imps
  2 bullfrog zombies
  3 quasits
  6 hounds
  A gnoll shaman (D:7)
  18 orc priests
  10 jellies
  26 orc wizards
  6 iguanas
  A bullfrog skeleton (D:8)
  7 worker ants
  A killer bee zombie (D:5)
  2 hound zombies
  A hound skeleton (D:6)
  2 worker ant zombies
  Robin (D:2)
  9 gnolls
  A river rat (shapeshifter) (Vaults:5)
  15 adders
  3 shadow imps
  An adder zombie (D:7)
  4 worms
  4 dart slugs
  5 leopard geckos
  103 orcs
  3 ball pythons
  6 giant cockroaches
  15 hobgoblins
  7 jackals
  5 quokkas
  A ball python skeleton (D:4)
  5 bats
  6 frilled lizards
  14 goblins
  18 kobolds
  A leopard gecko skeleton (D:4)
  A leopard gecko zombie (D:5)
  A quokka skeleton (D:6)
  A quokka zombie (D:5)
  7 rats
  A crawling corpse (Vaults:5)
  10 fungi
  12 plants
1713 creatures vanquished.

Vanquished Creatures (collateral kills)
  A tentacled monstrosity (Vaults:5)
  3 acid blobs (Zot:2)
  A death cob (Zot:1)
  A draconian monk (Zot:2)
  The ghost of nikopol the Severer, a journeyman MiBe of Trog (D:13)
  4 yellow draconians (Zot:2)
  Erolcha (D:9)
  A naga sharpshooter (Snake:2)
  A guardian serpent (Snake:4)
  A spiny frog (Lair:1)
  A hornet (Swamp:4)
  A naga (Snake:4)
  An orc warrior (Orc:2)
  2 killer bees (D:9)
  3 jellies (Zot:2)
  An orc (Orc:2)
  A plant (Lair:6)
25 creatures vanquished.

Vanquished Creatures (others)
  A draconian knight (Zot:1)
  A vault warden (Vaults:5)
  A naga warrior (Snake:4)
  The ghost of dxctxrx the Magician, a novice GnAE of Okawaru (D:9)
  A wizard (Depths:1)
  A guardian serpent (Snake:4)
  A vault sentinel (Vaults:5)
  A black mamba (Snake:3)
  2 trolls (D:11)
  A hornet (Swamp:4)
  4 humans (Snake:3)
  A swamp drake (Swamp:4)
  An orc (Vaults:1)
  14 fungi
  10 plants
  A withered plant (D:15)
42 creatures vanquished.

Grand Total: 1780 creatures vanquished

Notes
Turn   | Place    | Note
-------+----------+-------------------------------------------
     0 | D:1      | Gorglomux the Deep Dwarf Fighter began the quest for the Orb.
     0 | D:1      | Reached XP level 1. HP: 20/20 MP: 1/1
   163 | D:1      | Reached XP level 2. HP: 24/27 MP: 2/2
   475 | D:1      | Reached skill level 1 in Dodging
   838 | D:2      | Reached XP level 3. HP: 18/33 MP: 3/3
   870 | D:2      | Reached skill level 3 in Fighting
   898 | D:2      | Noticed Robin
   914 | D:2      | Killed Robin
   914 | D:2      | Reached XP level 4. HP: 31/42 MP: 4/4
  1034 | D:2      | Reached skill level 3 in Axes
  1238 | D:3      | Reached XP level 5. HP: 35/49 MP: 5/5
  1472 | D:3      | Found a deep blue altar of Sif Muna.
  2360 | D:4      | Noticed an ogre
  2363 | D:4      | Killed an ogre
  2363 | D:4      | Reached XP level 6. HP: 11/57 MP: 6/6
  2464 | D:4      | Reached skill level 3 in Dodging
  2571 | D:4      | Noticed ipx's ghost (amateur VSFi)
  2578 | D:4      | Killed ipx's ghost
  2578 | D:4      | Reached XP level 7. HP: 54/64 MP: 6/6
  2705 | D:4      | Found a snail-covered altar of Cheibriados.
  2705 | D:4      | Found a hazy altar of Hepliaklqana.
  2733 | D:5      | Entered Level 5 of the Dungeon
  2817 | D:6      | Found a staircase to the Ecumenical Temple.
  2825 | Temple   | Entered the Ecumenical Temple
  2879 | Temple   | Became a worshipper of Makhleb the Destroyer
  3366 | D:4      | Reached * piety under Makhleb
  3518 | D:4      | Reached skill level 1 in Invocations
  3518 | D:4      | Reached XP level 8. HP: 57/73 MP: 4/4
  5045 | D:6      | Found a basalt altar of Yredelemnul.
  5105 | D:6      | Reached skill level 6 in Shields
  5110 | D:6      | Noticed Gorglomux's ghost (novice DDFi)
  5203 | D:6      | Reached skill level 6 in Armour
  5243 | D:6      | Reached skill level 3 in Invocations
  5301 | D:6      | Killed Gorglomux's ghost
  5301 | D:6      | Reached skill level 6 in Axes
  5301 | D:6      | Gained mutation: You passively map the area around you. [Deep Dwarf growth]
  5301 | D:6      | Reached XP level 9. HP: 57/81 MP: 6/6
  5543 | D:6      | Found a runed door.
  5572 | D:6      | Found Neaperal's Armour Shop.
  5575 | D:6      | Bought a +0 pair of gloves for 49 gold pieces
  6016 | D:7      | Reached ** piety under Makhleb
  6149 | D:7      | Noticed a troll
  6173 | D:7      | Killed a troll
  6531 | D:7      | Found Zuhed's Book Shop.
  6665 | D:8      | Reached skill level 6 in Dodging
  6702 | D:8      | Noticed a two-headed ogre
  6714 | D:8      | Killed a two-headed ogre
  6714 | D:8      | Reached skill level 6 in Fighting
  6767 | D:8      | Found a sparkling altar of Nemelex Xobeh.
  6783 | D:8      | Reached XP level 10. HP: 69/91 MP: 9/9
  6807 | D:8      | Found a sacrificial altar of Ru.
  6854 | D:8      | Noticed Grum
  6869 | D:8      | Reached skill level 6 in Invocations
  6935 | D:8      | Killed Grum
  7077 | D:8      | Noticed a two-headed ogre
  7088 | D:8      | Killed a two-headed ogre
  7088 | D:8      | Reached *** piety under Makhleb
  7324 | D:9      | Noticed dxctxrx's ghost (novice GnAE)
  7341 | D:9      | Killed dxctxrx's ghost
  7385 | D:9      | Noticed a two-headed ogre
  7397 | D:9      | Killed a two-headed ogre
  7505 | D:9      | Noticed Erolcha
  7523 | D:9      | Killed Erolcha
  7730 | D:9      | Reached XP level 11. HP: 65/100 MP: 7/7
  7761 | D:9      | Found a staircase to the Lair.
  8202 | D:10     | Entered Level 10 of the Dungeon
  8211 | D:10     | Got a steaming ivory ring
  8223 | D:10     | Identified the ring of Gozag's Benevolence {rC+ MP+9 Int+2} (You found it on level 10 of the Dungeon)
  8751 | D:10     | Reached skill level 9 in Armour
  8816 | D:10     | Reached skill level 9 in Shields
  9080 | D:11     | Noticed a two-headed ogre
  9103 | D:11     | Killed a two-headed ogre
  9127 | D:11     | Found a white marble altar of Elyvilon.
  9158 | D:11     | Paralysed by a hornet for 1 turns
  9250 | D:11     | Noticed a two-headed ogre
  9258 | D:11     | Killed a two-headed ogre
  9685 | D:11     | Noticed a two-headed ogre
  9697 | D:11     | Killed a two-headed ogre
  9697 | D:11     | Reached **** piety under Makhleb
  9697 | D:11     | Reached skill level 9 in Axes
  9896 | Lair:1   | Entered Level 1 of the Lair of Beasts
  9955 | Lair:1   | Noticed an eight-headed hydra
 10034 | Lair:1   | Killed a ten-headed hydra
 10191 | Lair:1   | Reached XP level 12. HP: 102/109 MP: 8/8
 10816 | Lair:1   | Reached skill level 12 in Axes
 11742 | Lair:2   | Noticed a five-headed hydra
 11755 | Lair:2   | Killed a nine-headed hydra
 12029 | Lair:2   | Noticed Erica
 12038 | Lair:2   | Killed Erica
 12316 | Lair:3   | Found a staircase to the Snake Pit.
 12520 | Lair:3   | Reached skill level 15 in Axes
 12732 | Lair:3   | Noticed a four-headed hydra
 12739 | Lair:3   | Killed a one-headed hydra
 12810 | Lair:3   | Reached XP level 13. HP: 113/116 MP: 7/7
 13243 | Lair:4   | Identified Hihet's Grimoire of Calling and Arcane Weapons
 13517 | Lair:4   | Found a staircase to the Swamp.
 13581 | Lair:4   | Reached ***** piety under Makhleb
 13956 | Lair:5   | Found a staircase to the Slime Pits.
 14155 | Lair:5   | Found a basalt altar of Yredelemnul.
 14867 | Lair:6   | Entered Level 6 of the Lair of Beasts
 15006 | Lair:6   | Found a frozen archway.
 15355 | Lair:6   | Reached skill level 18 in Axes
 15593 | Lair:6   | Gained mutation: You resist negative energy. (rN+) [Deep Dwarf growth]
 15593 | Lair:6   | Reached XP level 14. HP: 123/123 MP: 8/8
 16351 | D:12     | Reached ****** piety under Makhleb
 16389 | D:12     | Found a staircase to the Orcish Mines.
 17108 | Orc:1    | Entered Level 1 of the Orcish Mines
 17635 | Orc:2    | Entered Level 2 of the Orcish Mines
 17635 | Orc:2    | Noticed an orc warlord
 17684 | Orc:2    | Killed an orc warlord
 17760 | Orc:2    | Noticed an orc warlord
 17776 | Orc:2    | Killed an orc warlord
 17776 | Orc:2    | Reached skill level 9 in Invocations
 17777 | Orc:2    | Found a staircase to the Elven Halls.
 17804 | Orc:2    | Found Vitaoc's Antique Weapon Shop.
 17859 | Orc:2    | Found Muamn's Book Boutique.
 17997 | Orc:2    | Found Suc Gimn's General Store.
 18005 | Orc:2    | Bought a scroll of enchant armour for 112 gold pieces
 18005 | Orc:2    | Bought a scroll of summoning for 142 gold pieces
 18005 | Orc:2    | Bought a potion of curing for 45 gold pieces
 18036 | Orc:2    | Found Suichol's Antique Armour Emporium.
 18329 | D:13     | Noticed nikopol's ghost (journeyman MiBe)
 18347 | D:13     | Killed nikopol's ghost
 18372 | D:13     | Reached skill level 9 in Dodging
 18538 | D:13     | Found a gate to the Vaults.
 19298 | D:14     | Reached XP level 15. HP: 132/132 MP: 5/5
 19348 | D:14     | Found Gaott's Weapon Shoppe.
 19351 | D:14     | Bought the +0 broad axe of Callousness {flame, MP+9 Str+4 Dex+4} for 798 gold pieces
 19449 | D:14     | Found Hanin's Assorted Antiques.
 19454 | D:14     | Found Giokhene's Distillery.
 19484 | D:14     | Bought a scroll labeled RUOCO VOGELOTH for 22 gold pieces
 19485 | D:14     | Identified a scroll of acquirement
 19507 | D:14     | Bought 2 potions of heal wounds for 100 gold pieces
 19507 | D:14     | Bought a potion of berserk rage for 50 gold pieces
 19507 | D:14     | Bought a potion of resistance for 100 gold pieces
 19507 | D:14     | Bought a potion of haste for 100 gold pieces
 19507 | D:14     | Bought a potion of resistance for 100 gold pieces
 19990 | D:15     | Entered Level 15 of the Dungeon
 20195 | D:15     | Found a staircase to the Depths.
 20364 | D:15     | Reached skill level 9 in Fighting
 20927 | Snake:1  | Entered Level 1 of the Snake Pit
 21114 | Snake:1  | Found Olehieq's Armour Emporium.
 21116 | Snake:1  | Found Zemanyed's Jewellery Shoppe.
 21124 | Snake:1  | Found Daatat's Magic Scroll Emporium.
 21130 | Snake:1  | Bought an uncursed ring of poison resistance for 280 gold pieces
 21132 | Snake:1  | Bought a scroll of magic mapping for 49 gold pieces
 21132 | Snake:1  | Bought a scroll of teleportation for 42 gold pieces
 21132 | Snake:1  | Bought a scroll of fog for 28 gold pieces
 21132 | Snake:1  | Bought a scroll of enchant weapon for 105 gold pieces
 21770 | Snake:2  | Found Teacig's Assorted Antiques.
 21837 | Snake:2  | Noticed Aizul
 21860 | Snake:2  | Killed Aizul
 21867 | Snake:2  | Found Urocoupt's Armour Shop.
 21910 | Snake:2  | Reached XP level 16. HP: 144/144 MP: 7/7
 21917 | Snake:2  | Found Rukegewn's Armour Shoppe.
 22308 | Snake:2  | Noticed Vashnia
 22367 | Snake:2  | Killed Vashnia
 22367 | Snake:2  | Reached skill level 12 in Invocations
 22760 | Snake:3  | Noticed Kirke
 22771 | Snake:3  | Killed Kirke
 22890 | Snake:3  | Reached skill level 12 in Armour
 22906 | Snake:3  | Reached skill level 12 in Shields
 23708 | Snake:4  | Entered Level 4 of the Snake Pit
 23730 | Snake:4  | Noticed Mara
 23732 | Snake:4  | Noticed Gorglomux's illusion
 23820 | Snake:4  | Killed Mara
 23820 | Snake:4  | Reached skill level 12 in Dodging
 23910 | Snake:4  | Reached XP level 17. HP: 152/154 MP: 8/8
 24679 | Snake:4  | Got a serpentine rune of Zot
 24943 | Swamp:1  | Entered Level 1 of the Swamp
 26039 | Swamp:2  | Found the ring of Robustness {AC+8}
 26334 | Swamp:3  | Noticed a tentacled monstrosity
 26350 | Swamp:3  | Killed a tentacled monstrosity
 26350 | Swamp:3  | Gained mutation: You passively map a large area around you. [Deep Dwarf growth]
 26350 | Swamp:3  | Reached XP level 18. HP: 166/166 MP: 11/11
 26977 | Swamp:4  | Entered Level 4 of the Swamp
 27063 | Swamp:4  | Reached skill level 15 in Invocations
 27144 | Swamp:4  | Noticed Nikola
 27177 | Swamp:4  | Killed Nikola
 27355 | Swamp:4  | Reached skill level 12 in Fighting
 27421 | Swamp:4  | Noticed the 27-headed Lernaean hydra
 27430 | Swamp:4  | Killed the 25-headed Lernaean hydra
 27525 | Swamp:4  | Got a decaying rune of Zot
 28114 | Vaults:1 | Entered Level 1 of the Vaults
 28677 | Vaults:1 | Reached XP level 19. HP: 169/176 MP: 13/13
 29068 | Vaults:1 | Found an ornate altar of the Wu Jian Council.
 29243 | Vaults:1 | Found Hanko's Book Emporium.
 29744 | Vaults:2 | Reached skill level 15 in Armour
 29797 | Vaults:2 | Reached skill level 15 in Shields
 30466 | Vaults:3 | Found a staircase to the Crypt.
 30466 | Vaults:3 | Found an ancient bone altar of Kikubaaqudgha.
 30467 | Vaults:3 | Found a basalt altar of Yredelemnul.
 30602 | Vaults:3 | Reached skill level 15 in Dodging
 31498 | Vaults:4 | Reached XP level 20. HP: 188/188 MP: 14/14
 31566 | Vaults:4 | Found Vaixzuff's Distillery.
 31572 | Vaults:4 | Bought a potion of heal wounds for 75 gold pieces
 31572 | Vaults:4 | Bought a potion of haste for 150 gold pieces
 31572 | Vaults:4 | Bought a potion of haste for 150 gold pieces
 31572 | Vaults:4 | Bought a potion of resistance for 150 gold pieces
 31572 | Vaults:4 | Bought a potion of mutation for 120 gold pieces
 32231 | Vaults:4 | Found Gozag's Antique Weapon Shop.
 32244 | Vaults:4 | Found an opulent altar of Gozag.
 32245 | Vaults:4 | Found Gozag's Assorted Antiques.
 32254 | Vaults:4 | Found Gozag's Antique Weapon Boutique.
 32686 | Vaults:4 | Gained mutation: You are agile. (Dex +2) [mutagenic glow]
 33079 | Vaults:5 | Entered Level 5 of the Vaults
 33081 | Vaults:5 | Noticed an ancient lich
 33105 | Vaults:5 | Noticed a golden dragon
 33122 | Vaults:5 | Killed a golden dragon
 33131 | Vaults:5 | Reached skill level 18 in Invocations
 33385 | Vaults:5 | Noticed an ancient lich
 33414 | Vaults:5 | Reached XP level 21. HP: 158/198 MP: 15/15
 33422 | Vaults:5 | Killed an ancient lich
 33654 | Vaults:5 | Killed an ancient lich
 33819 | Vaults:5 | Got a silver rune of Zot
 34062 | Vaults:5 | Noticed an ancient lich
 34080 | Vaults:5 | Killed an ancient lich
 34095 | Vaults:5 | Reached skill level 15 in Fighting
 34163 | Vaults:5 | Reached XP level 22. HP: 210/210 MP: 16/16
 34168 | Vaults:5 | Got a glittering copper ring
 34321 | Vaults:5 | Noticed Bai Suzhen
 34358 | Vaults:5 | Killed Bai Suzhen
 34531 | Vaults:5 | Identified the ring "Corhiyr" {AC+3 Str+8 Dex-2} (You took it off a yaktaur on level 5 of the Vaults)
 35097 | Depths:1 | Entered Level 1 of the Depths
 35112 | Depths:1 | Found a gateway to Hell.
 35273 | Depths:3 | Found a one-way gate to the infinite horrors of the Abyss.
 35452 | Depths:5 | Entered Level 5 of the Depths
 35482 | Depths:5 | Noticed a caustic shrike
 35483 | Depths:5 | Noticed a caustic shrike
 35483 | Depths:5 | Noticed a caustic shrike
 35483 | Depths:5 | Noticed a caustic shrike
 35483 | Depths:5 | Noticed a caustic shrike
 35508 | Depths:5 | Killed a caustic shrike
 35520 | Depths:5 | Noticed a juggernaut
 35521 | Depths:5 | Killed a caustic shrike
 35527 | Depths:5 | Killed a caustic shrike
 35533 | Depths:5 | Killed a caustic shrike
 35545 | Depths:5 | Killed a caustic shrike
 35545 | Depths:5 | Reached skill level 18 in Armour
 35545 | Depths:5 | Reached skill level 18 in Shields
 35580 | Depths:5 | Killed a juggernaut
 35789 | Depths:5 | Found a runed door.
 35789 | Depths:5 | Found a runed door.
 35876 | Depths:5 | Found a runed door.
 35876 | Depths:5 | Found a runed door.
 35887 | Depths:5 | Reached skill level 18 in Dodging
 35952 | Depths:5 | Noticed a juggernaut
 36032 | Depths:5 | Killed a juggernaut
 36120 | Depths:5 | Found a runed door.
 36125 | Depths:5 | Found a runed door.
 36214 | Depths:5 | Reached XP level 23. HP: 210/219 MP: 18/18
 36420 | Depths:5 | Found a gate to the Realm of Zot.
 36431 | Zot:1    | Entered Level 1 of the Realm of Zot
 36663 | Zot:2    | Slain by an acid blob

Vault maps used:
D:1:      dpeg_arrival_rooms_a
D:2:      uniq_robin
D:3:      lemuel_crystal_altar, serial_co_window_serial, co_window_corner_a,
          co_window_cross_1, co_window_paths_a, co_window_paths_b,
          co_window_paths_a, co_window_paths_a, co_window_corner_a,
          co_window_paths_c, co_window_cross_2, co_window_paths_c,
          co_window_sun, glass_columns_c, glass_columns_c, glass_columns_a,
          first_ration, minivault_23
D:4:      gammafunk_temple_overflow_wave
D:5:      cheibrodos_helix_gallery, hangedman_minor_gate_pass
D:6:      kennysheep_mini, minmay_temple_entry_grid, serial_shops,
          nicolae_shop_behind_doors, hangedman_decor_points,
          uniq_crazy_yiuf_cottage
D:7:      serial_shops, kennysheep_little_box
D:8:      kennysheep_mini_moat, nemelex_xobeh_ov_fountains_minmay, uniq_grum
D:9:      lair_entry_dummy, uniq_erolcha
D:11:     elyvilon_altar_3
D:12:     hiddenorc1_lemuel, grunt_tengu_nest
D:13:     david_vaults_2
D:14:     serial_shops, nicolae_shop_behind_doors, shop,
          nicolae_shop_statue_plus, hangedman_decor_lopped, minivault_1
D:15:     gammafunk_depths_entry_grave, serial_glass, glass_columns_a,
          glass_columns_a, minmay_strange_pillars
Temple:   nicolae_temple_x_marks_the_god
Lair:1:   enter_volcano_2
Lair:2:   cheibrodos_lair_river_kwai, beast_lair_carwin_5, grunt_megastairs_2,
          uniq_erica
Lair:3:   minmay_snake_entry_six_corridors, cheibrodos_lair_caveside_slide,
          serial_bayou_shore_a, infiniplex_staircase_pool_2,
          minmay_lair_oklob_chamber
Lair:4:   minmay_swamp_entry_eels
Lair:5:   minmay_slime_entry_oklob_enclosed, lemuel_centaur_altar,
          grunt_megastairs_5
Lair:6:   guppyfry_lair_end_dragon, hangedman_lair_tendril_chambers,
          portal_ice_cave_demonic_guard
Swamp:1:  serial_swamp_ruin, evilmike_swamp_ruin_house_4,
          evilmike_swamp_ruin_house_5
Swamp:2:  evilmike_swamp_ruin_house_2, swamp_pool5,
          nicolae_swamp_hydra_murder_den
Swamp:3:  evilmike_swamp_ruin_rubble_2
Swamp:4:  swamp_old_school, swamp_pool3, uniq_nikola
Snake:1:  minmay_shop_star, lemuel_fruit_tree
Snake:2:  serial_shops, shop, shop, shop, uniq_aizul, uniq_vashnia
Snake:3:  kennysheep_snake, abandoned_shop, uniq_kirke
Snake:4:  grunt_snake_rune_pools, uniq_mara
Orc:2:    grunt_orc_gardens, grunt_orc_garden, grunt_orc_garden,
          grunt_orc_garden, grunt_orc_garden
Vaults:1: v_misc_22, nicolae_vaults_little_squares_4,
          nicolae_vaults_border_crossing, ontoclasm_vaults_chip,
          nicolae_vaults_windows_and_doors_thing,
          nicolae_vaults_mini_display_case, basic_altar, serial_shops, shop
Vaults:2: nicolae_vaults_network_periphery, grunt_vaults_hallway_short,
          v_misc_5, vaults_room_stairs_pillars, hangedman_vaults_snaps,
          hangedman_vaults_nails, vaults_room_ringed_pool
Vaults:3: ontoclasm_vaults_gateway, grunt_vaults_funnel, v_misc_30, v_misc_29,
          vaults_room_fours, vaults_dpeg_doors, hangedman_vaults_nodes,
          ontoclasm_vaults_ring_small, vaults_mumra_hex, ontoclasm_vaults_idyll,
          minmay_crypt_entry_necro_gods
Vaults:4: v_pattern_1, kennysheep_vaults_gozag_temple,
          nicolae_vaults_little_squares_6, v_misc_24,
          ontoclasm_vaults_decontamination, v_misc_8,
          nicolae_vaults_back_hallway, vaults_room_pools,
          ontoclasm_vaults_misaligned, ontoclasm_vaults_hangar, v_misc_17,
          hangedman_vaults_variations, v_misc_26, v_misc_5,
          nicolae_vaults_sealed_display, serial_shops, shop
Vaults:5: uniq_bai_suzhen
Depths:1: hangedman_abyss_or_decor_lesser_grid, hell_entry,
          lemuel_flamethrower_2, uniq_asterion, uniq_sojobo
Depths:2: minmay_two_paths, hell_entry, tso_altar, minmay_st_funbox,
          nicolae_water_bricks, serial_bayou_shore_b, grunt_megastairs_3,
          infiniplex_staircase_trident
Depths:3: kennysheep_room_grid, enter_ziggurat_d, abyss_entry,
          rand_demon_pan_entry_4, hex_medium, hell_entry
Depths:4: minmay_the_grid_ultimate, serial_shops, abyss_entry, hell_entry,
          pan_entry, uniq_mennas, uniq_margery
Depths:5: evilmike_zot_entry_castle, hell_entry, minmay_misc_feat_x,
          basic_stair_grate_trap
Zot:2:    lemuel_acid_trip, st_stairs_9, bh_zot_lava_cross

Skill      XL: |  1  2  3  4  5  6  7  8  9 10 11 12 13 14 15 16 17 18 19 20 21 22 23 |
---------------+----------------------------------------------------------------------+-----
Dodging        | 1 2 3 4 5 6 7 8 9 10 12 13 14 15 16 17 18 | 18.5
Fighting       | 3 4 5 6 7 8 9 10 11 12 13 14 15 16 | 16.1
Axes           | 3 4 5 6 7 8 11 15 18 20 | 20.0
Shields        | 4 5 6 7 8 9 11 12 13 14 15 16 17 18 | 18.7
Armour         | 4 5 6 7 8 9 11 12 13 14 15 16 17 18 | 18.8
Invocations    | 1 3 5 7 8 9 11 13 14 16 17 18 19 20 | 20.9

Action                   |  1- 3 |  4- 6 |  7- 9 | 10-12 | 13-15 | 16-18 | 19-21 | 22-24 || total
-------------------------+-------+-------+-------+-------+-------+-------+-------+-------++-------
Melee: War axe           |   122 |   165 |   555 |   458 |     8 |       |       |       ||  1308
       Broad axe         |       |       |       |   320 |  1398 |  1453 |  1435 |   845 ||  5451
       Scimitar          |       |       |       |     4 |    11 |       |       |       ||    15
Invok: Minor Destruction |       |       |     2 |    16 |    16 |     1 |       |       ||    35
       Lesser Servant of |       |       |       |     8 |     4 |     3 |       |     2 ||    17
       Greater Servant o |       |       |       |       |       |     1 |     1 |     5 ||     7
 Abil: Heal Wounds       |     1 |     5 |    17 |    26 |    12 |    11 |     2 |     9 ||    83
Evoke: Wand              |       |       |       |     9 |     1 |     7 |       |       ||    17
       Phial of floods   |       |       |       |       |     1 |       |       |       ||     1
       Lamp of fire      |       |       |       |       |       |       |       |     1 ||     1
  Use: Scroll            |       |     3 |    12 |     9 |    23 |     8 |     7 |     3 ||    65
       Potion            |       |       |     2 |       |     1 |     3 |     1 |     1 ||     8
 Stab: Distracted        |       |       |       |       |     2 |     2 |     2 |     3 ||     9
  Eat: Chunk             |       |     6 |    11 |    29 |    31 |    11 |    16 |     4 ||   108
       Ration            |       |       |     1 |       |       |     4 |     1 |     2 ||     8
Armor: Scale mail        |    64 |    68 |    83 |       |       |       |       |       ||   215
       Chain mail        |       |       |   163 |   495 |   410 |   502 |   122 |       ||  1692
       Plate armour      |       |       |       |       |       |       |   189 |   199 ||   388
Dodge: Dodged            |    62 |    56 |   198 |   415 |   440 |   474 |   326 |   214 ||  2185
       Deflected         |       |       |       |       |    42 |    55 |    13 |    19 ||   129
Block: Shield            |    78 |   101 |   311 |   570 |   635 |       |       |       ||  1695
       Large shield      |       |       |       |       |   158 |  1771 |  1590 |   957 ||  4476
       Rpst.: Scimitar   |       |       |       |       |     3 |       |       |       ||     3

Table legend:
 A = Spawn XP
 B = Non-spawn XP
 C = Spawn XP percentage of total XP
 D = Spawn monster count
 E = Non-spawn monster count
 F = Spawn count percentage of total count
 G = Total turns spent on level
                    A         B        C        D         E        F      G
               +---------+---------+-------+---------+---------+-------+---------
         Total |       0 |  911241 |   0.0 |       0 |    1724 |   0.0 | 36663
               +---------+---------+-------+---------+---------+-------+---------
           D:1 |       0 |      37 |   0.0 |       0 |      24 |   0.0 |   827
           D:2 |       0 |      98 |   0.0 |       0 |      32 |   0.0 |   397
           D:3 |       0 |     227 |   0.0 |       0 |      43 |   0.0 |  1061
           D:4 |       0 |     718 |   0.0 |       0 |      28 |   0.0 |  1101
           D:5 |       0 |     560 |   0.0 |       0 |      22 |   0.0 |  1158
           D:6 |       0 |    1370 |   0.0 |       0 |      21 |   0.0 |  1272
           D:7 |       0 |    1354 |   0.0 |       0 |      22 |   0.0 |   775
           D:8 |       0 |    3559 |   0.0 |       0 |      19 |   0.0 |   667
           D:9 |       0 |    3640 |   0.0 |       0 |      15 |   0.0 |   967
          D:10 |       0 |    2983 |   0.0 |       0 |      27 |   0.0 |   918
          D:11 |       0 |    3783 |   0.0 |       0 |      26 |   0.0 |   857
          D:12 |       0 |    7790 |   0.0 |       0 |      61 |   0.0 |   877
          D:13 |       0 |    9100 |   0.0 |       0 |      38 |   0.0 |  1044
          D:14 |       0 |   10964 |   0.0 |       0 |      34 |   0.0 |   728
          D:15 |       0 |   18071 |   0.0 |       0 |      43 |   0.0 |   835
        Lair:1 |       0 |    6411 |   0.0 |       0 |      29 |   0.0 |  1409
        Lair:2 |       0 |    8673 |   0.0 |       0 |      35 |   0.0 |  1025
        Lair:3 |       0 |    5341 |   0.0 |       0 |      28 |   0.0 |   969
        Lair:4 |       0 |    3920 |   0.0 |       0 |      24 |   0.0 |   802
        Lair:5 |       0 |    5883 |   0.0 |       0 |      27 |   0.0 |  1021
        Lair:6 |       0 |   22082 |   0.0 |       0 |      76 |   0.0 |  1327
       Swamp:1 |       0 |    8059 |   0.0 |       0 |      14 |   0.0 |   553
       Swamp:2 |       0 |    9117 |   0.0 |       0 |      26 |   0.0 |   836
       Swamp:3 |       0 |   19264 |   0.0 |       0 |      49 |   0.0 |   688
       Swamp:4 |       0 |   34396 |   0.0 |       0 |      51 |   0.0 |   913
       Snake:1 |       0 |   10764 |   0.0 |       0 |      22 |   0.0 |   784
       Snake:2 |       0 |   22900 |   0.0 |       0 |      34 |   0.0 |  1000
       Snake:3 |       0 |   36108 |   0.0 |       0 |      66 |   0.0 |  1094
       Snake:4 |       0 |   64625 |   0.0 |       0 |      86 |   0.0 |  1092
         Orc:1 |       0 |    2042 |   0.0 |       0 |      31 |   0.0 |   539
         Orc:2 |       0 |   12981 |   0.0 |       0 |      56 |   0.0 |   593
      Vaults:1 |       0 |   51877 |   0.0 |       0 |      80 |   0.0 |  1359
      Vaults:2 |       0 |   40182 |   0.0 |       0 |      68 |   0.0 |  1067
      Vaults:3 |       0 |   39032 |   0.0 |       0 |      75 |   0.0 |  1109
      Vaults:4 |       0 |   61522 |   0.0 |       0 |      90 |   0.0 |  1548
      Vaults:5 |       0 |  204214 |   0.0 |       0 |     152 |   0.0 |  1820
      Depths:1 |       0 |    6191 |   0.0 |       0 |       8 |   0.0 |    43
      Depths:2 |       0 |    3412 |   0.0 |       0 |       7 |   0.0 |    83
      Depths:3 |       0 |   13163 |   0.0 |       0 |      21 |   0.0 |   225
      Depths:5 |       0 |  102204 |   0.0 |       0 |      64 |   0.0 |   979
         Zot:1 |       0 |   13854 |   0.0 |       0 |      10 |   0.0 |    46
         Zot:2 |       0 |   38770 |   0.0 |       0 |      40 |   0.0 |   186
               +---------+---------+-------+---------+---------+-------+---------
